 Dungeon Crawl Stone Soup version 0.30-a0-439-g9e77e4d916 (webtiles) character file.

Game seed: 15229005802419078098

17 bande the Trooper (level 2, -1/19 HPs)
             Began as a Gargoyle Fighter on Dec 10, 2022.
             Slain by a goblin
             ... wielding a +0 club
             ... led by Robin
              (5 damage)
             ... on level 2 of the Dungeon.
             The game lasted 00:01:03 (747 turns).

bande the Trooper (Gargoyle Fighter)                 Turns: 747, Time: 00:01:04

Health: -1/19      AC: 13    Str: 19    XL:     2   Next: 62%
Magic:  2/2        EV:  7    Int:  8    God:
Gold:   51         SH:  4    Dex:  9    Spells: 1/1 levels left

rFire   . . .      SeeInvis .    a - +0 war axe
rCold   . . .      Faith    .    c - +0 buckler
rNeg    + . .      Spirit   .    h - +0 chain mail
rPois   ∞          Reflect  .    (no helmet)
rElec   +          Harm     .    (no cloak)
rCorr   .          Rampage  .    (no gloves)
Will    .....                    b - +0 pair of boots
Stlth   ..........               (no amulet)
HPRegen 0.23/turn                (no ring)
MPRegen 0.08/turn                (no ring)

@: no status effects
A: sickness immunity, AC +2, negative energy resistance 1, electricity
resistance, torment resistance 1, petrification resistance
a: no special abilities


You were on level 2 of the Dungeon.
You visited 1 branch of the dungeon, and saw 2 of its levels.

You collected 51 gold pieces.

Inventory:

Hand Weapons
 a - a +0 war axe (weapon)
Armour
 b - a +0 pair of boots (worn)
 c - a +0 buckler (worn)
 h - a +0 chain mail (worn)
Scrolls
 e - a scroll of enchant armour {unknown}
 f - 2 scrolls of identify {unknown}
 g - a scroll of fog {unknown}
 i - a scroll of enchant weapon {unknown}
Potions
 d - a potion of might


   Skills:
 + Level 3.6 Fighting
 + Level 2.0 Axes
 + Level 3.5 Armour
 + Level 3.5 Shields


You had one spell level left.
You didn't know any spells.
Your spell library was empty.

Dungeon Overview and Level Annotations

Branches:
Dungeon (2/15)

Altars:

Annotations:
D:2 Robin, Terence


Innate Abilities, Weirdness & Mutations

You are immune to sickness and miasma.
Your stone body is resilient. (AC +2)
You are immune to poison.
You resist negative energy. (rN+)
You are resistant to electric shocks. (rElec)
You are resistant to unholy torment.
You are immune to petrification.


Message History

A goblin comes into view. It is wielding a +0 club.
You hit Terence but do no damage.
Terence is severely wounded.
You block Terence's attack.
A goblin comes into view. It is wielding a +0 club.
Terence hits you but does no damage.
You hit Terence but do no damage.
Terence is severely wounded.
Terence closely misses you.
A hobgoblin comes into view.
A goblin comes into view. It is wielding a +0 club.
The goblin shouts!
You hit Terence.
Terence is almost dead.
You hear a shout!
Terence hits you with a +0 flail. Terence hits you with a +0 flail!
Robin of the Strong Arm comes into view.
They are wielding a +0 short sword.
A goblin comes into view. It is wielding a +0 club.
The goblin hits you but does no damage.
The goblin shouts!
You hit Terence but do no damage.
Terence is almost dead.
You hit the goblin but do no damage. Terence hits you but does no damage.
Robin roars a battlecry!
The goblins go into a battle-frenzy!
The goblin hits you but does no damage.
You hear a shout! x2
Unknown command.
You barely miss the goblin. You hit Terence but do no damage.
You barely miss the goblin. Terence hits you but does no damage.
The goblin hits you but does no damage. x2; Terence hits you with a +0 flail!
* * * LOW HITPOINT WARNING * * *
The goblin barely misses you. You block the goblin's attack.
You completely miss Terence.
Terence is almost dead.
You barely miss the goblin. You closely miss the goblin.
Terence hits you with a +0 flail.
* * * LOW HITPOINT WARNING * * *
The goblin hits you but does no damage. The goblin hits you with a +0 club.
You die...

#.# #
#.#
#.#.#
#.#.#
#.#.#
#...#
#.@#
#@####
#gg.<#
#g####


#gg ##g .. .. ... You could see Terence, Robin, a hobgoblin (strong) and 4
goblins.

Vanquished Creatures
  A ball python (D:1)
  2 endoplasms (D:1)
  A giant cockroach (D:1)
  3 goblins (D:1)
  A hobgoblin (D:1)
  A quokka (D:1)
  A bat (D:1)
  2 frilled lizards (D:1)
  4 rats (D:1)
16 creatures vanquished.

Notes
Turn   | Place    | Note
-------+----------+-------------------------------------------
     0 | D:1      | bande the Gargoyle Fighter began the quest for the Orb.
     0 | D:1      | Reached XP level 1. HP: 14/14 MP: 1/1
   220 | D:1      | Reached XP level 2. HP: 13/19 MP: 2/2
   737 | D:2      | Noticed Terence
   744 | D:2      | Noticed Robin
   747 | D:2      | Slain by a goblin

Illustrated notes

Levels and vault maps discovered:
D:1:      spicycebolla_arrival_ecumenical, layout_basic, minmay_statues_item
D:2:      cheibrodos_old_hovel, layout_basic, uniq_sigmund, uniq_robin,
          uniq_terence

Skill      XL: |  1  2 |
---------------+-------+-----
Axes           | 2 |  2.0
Fighting       | |  3.6
Armour         | |  3.5
Shields        | |  3.5

Action                   || total
-------------------------++-------
Melee: War axe           ||    41
Armor: Chain mail        ||    26
       Scale mail        ||     1
Dodge: Dodged            ||    18
Block: Buckler           ||    11

Table legend: (Time is in decaauts)
 A = Elapsed time spent in this place.
 B = Non-inter-level travel time spent in this place.
 C = Inter-level travel time spent in this place.
 D = Time resting spent in this place.
 E = Time spent auto-exploring this place.
 F = Levels seen in this place.
 G = Mean time per level.
                   A        B        C        D        E       F      G
               +--------+--------+--------+--------+--------+-----+--------+
         Total |    765 |    682 |     83 |      0 |    535 |   2 |  382.5 |
       Dungeon |    765 |    682 |     83 |      0 |    535 |   2 |  382.5 |
               +--------+--------+--------+--------+--------+-----+--------+

Top non-repeatable levels by time:
     D:1: 750 daAuts
     D:2: 14 daAuts
